 Dungeon Crawl Stone Soup version 0.29-a0-284-gf9362112df (webtiles) character file.

Game seed: 561602095771471219

46 spaghetti the Magician (level 3, -2/28 HPs)
             Began as a Djinni Warper on Mar 26, 2022.
             Slain by Terence
             ... wielding a +0 mace
              (4 damage)
             ... on level 2 of the Dungeon.
             The game lasted 00:03:23 (2254 turns).

spaghetti the Magician (Djinni Warper)              Turns: 2254, Time: 00:03:24

Health: -2/28      AC:  5    Str: 10    XL:     3   Next: 92%
Gold:   114        EV: 11    Int: 16    God:
                   SH:  0    Dex: 12

rFire   + + .      SeeInvis .   j - +1 hunting sling (flame) {sling}
rCold   x . .      Faith    .   (no shield)
rNeg    . . .      Spirit   .   b - +0 leather armour
rPois   ∞          Reflect  .   l - +0 hat
rElec   .          Harm     .   (no cloak)
rCorr   .          Rampage  .   f - +1 pair of gloves
Will    .....                   (boots unavailable)
Stlth   +.........              (no amulet)
HPRegen 0.09/turn               (no ring)
MPRegen 0.00/turn               (no ring)

@: flying
A: sickness immunity, fire resistance 2, cold vulnerability 1, float, innate
caster, HP casting, extra vitality 1
a: no special abilities


You were on level 2 of the Dungeon.
You visited 1 branch of the dungeon, and saw 2 of its levels.

You collected 114 gold pieces.


Innate Abilities, Weirdness & Mutations

You are immune to sickness and miasma.
You are immune to poison.
Your flesh is very heat resistant. (rF++)
You are vulnerable to cold. (rC-)
You float through the air rather than walking.
You learn spells naturally, not from books.
Your magical power is your life essence.
You have superior vitality. (+4 MHP)


   Skills:
 - Level 2.0 Fighting
 - Level 1.7 Short Blades
 - Level 0.7 Throwing
 - Level 1.0 Armour
 - Level 2.1 Dodging
 + Level 3.5 Spellcasting


You couldn't memorise any spells.
You knew the following spells:

 Your Spells              Type           Power      Damage    Failure   Level
a - Blink                 Tloc           28%        N/A       9%          2
b - Lesser Beckoning      Tloc           14%        N/A       17%         3
c - Gell's Gravitas       Tloc           14%        N/A       17%         3
d - Teleport Other        Tloc           14%        N/A       17%         3
e - Manifold Assault      Tloc           14%        N/A       83%         5
f - Sandblast             Erth           28%        2d8       5%          1
Your spell library was empty.

Inventory:

Hand Weapons
 a - a +0 short sword {short}
 h - a +2 short sword of draining {short}
   (You took it off a kobold on level 1 of the Dungeon)
 j - a +1 hunting sling of flaming (weapon) {sling}
   (You found it on level 1 of the Dungeon)
Missiles
 d - a boomerang of dispersal {=f!fthrowing}
 e - 40 stones {throwing}
Armour
 b - a +0 leather armour (worn)
 f - a +1 pair of gloves (worn)
   (You found it on level 1 of the Dungeon)
 l - a +0 hat (worn)
   (You found it on level 2 of the Dungeon)
Scrolls
 c - 2 scrolls of blinking {!r}
 g - a scroll of identify {unknown}
 i - 2 scrolls of noise {unknown}
 k - a scroll of enchant weapon {unknown}
 m - a scroll of immolation {unknown}
Potions
 n - a potion of degeneration {unknown}

Dungeon Overview and Level Annotations

Branches:
Dungeon (2/15)

Altars:

Annotations:
D:2 Terence

.... ## ... +. ...
## #.# #.# ... #.#
>.. #.# #'# #@# #.#
###@### #.# #.....#
##.##
#.#.#.######...##
#.#.......#.....###
#.###.###.##......##
#.....# #.###.#.#...
####### #.#####...##
#........##
##########


You could see Terence (very drained).


Message History

Confirm with . or Enter, or press ? or * to list all spells.
The spell is quite dangerous to miscast (17% risk of failure)!
Continue anyway?
Aiming: Gell's Gravitas (quite dangerous; 17% risk of failure)
Press: ? - help, Dir - move target Gravity reorients around empty space.
* * * LOW HITPOINT WARNING * * *
You are no longer locked in place. 😨 HP[-2]
You take 2 damage, and now have 11/28 hp.
Casting: Gell's Gravitas (quite dangerous; 17% risk of failure)
Confirm with . or Enter, or press ? or * to list all spells.
The spell is quite dangerous to miscast (17% risk of failure)!
Continue anyway?
Aiming: Gell's Gravitas (quite dangerous; 17% risk of failure)
Press: ? - help, Dir - move target Gravity reorients around empty space.
* * * LOW HITPOINT WARNING * * *
Terence hits you with a +0 mace.
* * * LOW HITPOINT WARNING * * *
😱 HP[-6]
You take 6 damage, and now have 5/28 hp.
MASSIVE DAMAGE!! (PAUSE)
Okay, then.
Throw: 6 boomerangs (disperse) {=f!fthrowing}
Press: ? - help, Shift-Dir - straight line, f - Terence
Aim: Terence, wielding a +0 mace and wearing a +1 chain mail of cold resistance (moderately wounded, heavily drained, 65% to hit)
You throw a boomerang of dispersal {=f!fthrowing}.
The boomerang of dispersal {=f!fthrowing} hits Terence but does no damage.
Terence hits you with a +0 mace.
* * * LOW HITPOINT WARNING * * *
😱 HP[-1]
You take 1 damage, and now have 4/28 hp.
Throw: 5 boomerangs (disperse) {=f!fthrowing}
Press: ? - help, Shift-Dir - straight line, f/p - Terence
Aim: Terence, wielding a +0 mace and wearing a +1 chain mail of cold resistance (moderately wounded, heavily drained, 65% to hit)
You throw a boomerang of dispersal {=f!fthrowing}.
The boomerang of dispersal {=f!fthrowing} barely misses Terence.
Terence closely misses you. Terence barely misses you.
Throw: 4 boomerangs (disperse) {=f!fthrowing}
Press: ? - help, Shift-Dir - straight line, f/p - Terence
Aim: Terence, wielding a +0 mace and wearing a +1 chain mail of cold resistance (moderately wounded, heavily drained, 65% to hit)
You throw a boomerang of dispersal {=f!fthrowing}.
The boomerang of dispersal {=f!fthrowing} barely misses Terence.
Terence misses you.
Throw: 3 boomerangs (disperse) {=f!fthrowing}
Press: ? - help, Shift-Dir - straight line, f/p - Terence
Aim: Terence, wielding a +0 mace and wearing a +1 chain mail of cold resistance (moderately wounded, heavily drained, 65% to hit)
You throw a boomerang of dispersal {=f!fthrowing}.
The boomerang of dispersal {=f!fthrowing} hits Terence but does no damage.
Terence closely misses you.
Throw: 2 boomerangs (disperse) {=f!fthrowing}
Press: ? - help, Shift-Dir - straight line, f/p - Terence
Aim: Terence, wielding a +0 mace and wearing a +1 chain mail of cold resistance (moderately wounded, heavily drained, 65% to hit)
You throw a boomerang of dispersal {=f!fthrowing}.
The boomerang of dispersal {=f!fthrowing} hits Terence.
Terence blinks!
You aren't carrying any items that you can evoke.
a - a +0 short sword (weapon)
{short} Your +1 hunting sling of flaming {sling} bursts into flame!
j - a +1 hunting sling of flaming (weapon)
{sling} Fire: j) +1 hunting sling (flame) {sling}
Press: ? - help, Q - select action, (/) - cycle Shift-Dir - straight line, f/p - Terence
Aim: Terence, wielding a +0 mace and wearing a +1 chain mail of cold resistance (heavily wounded, heavily drained, 64% to hit)
You shoot a sling bullet.
The sling bullet hits Terence but does no damage.
Your magical contamination has completely faded away.
Fire: j) +1 hunting sling (flame) {sling}
Press: ? - help, Q - select action, (/) - cycle Shift-Dir - straight line, f/p - Terence
Aim: Terence, wielding a +0 mace and wearing a +1 chain mail of cold resistance (heavily wounded, heavily drained, 64% to hit)
You shoot a sling bullet.
The sling bullet barely misses Terence. 😱 HP[+1] Fire: j) +1 hunting sling (flame) {sling}
Press: ? - help, Q - select action, (/) - cycle Shift-Dir - straight line, f/p - Terence
Aim: Terence, wielding a +0 mace and wearing a +1 chain mail of cold resistance (heavily wounded, heavily drained, 64% to hit)
You shoot a sling bullet. The sling bullet barely misses Terence.
Terence hits you with a +0 mace.
* * * LOW HITPOINT WARNING * * *
😱 HP[-1]
You take 1 damage, and now have 4/28 hp.
Casting: Gell's Gravitas (quite dangerous; 17% risk of failure)
Confirm with . or Enter, or press ? or * to list all spells.
Aiming: Sandblast (safe; 5% risk of failure)
Press: ? - help, Shift-Dir - straight line, f/p - Terence
Aim: Terence, wielding a +0 mace and wearing a +1 chain mail of cold resistance (heavily wounded, heavily drained, 85% to hit)
The blast of sand hits Terence but does no damage.
e - 41 stones {throwing}
* * * LOW HITPOINT WARNING * * *
Terence says, "How do you enjoy it?" Terence barely misses you. 😱 HP[-1]
You take 1 damage, and now have 3/28 hp.
Casting: Sandblast (safe; 5% risk of failure)
Confirm with . or Enter, or press ? or * to list all spells.
Aiming: Sandblast (safe; 5% risk of failure)
Press: ? - help, Shift-Dir - straight line, f/p - Terence
Aim: Terence, wielding a +0 mace and wearing a +1 chain mail of cold resistance (heavily wounded, heavily drained, 85% to hit)
The blast of sand hits Terence.
e - 40 stones {throwing}
* * * LOW HITPOINT WARNING * * *
Terence hits you with a +0 mace.
You die...

Skill      XL: |  1  2 |
---------------+-------+-----
Spellcasting   | 3 |  3.5
Fighting       | |  2.0
Short Blades   | |  1.7
Throwing       | |  0.7
Armour         | |  1.0
Dodging        | |  2.1

Action                   || total
-------------------------++-------
Melee: Short sword       ||    61
 Fire: Hunting sling     ||    52
Throw: Boomerang         ||     6
 Cast: Sandblast         ||     6
       Gell's Gravitas   ||     3
Armor: Leather armour    ||    40
Dodge: Dodged            ||    63

Levels and vault maps discovered:
D:1:      eino_arrival_druids_welcome, layout_rooms,
          hellmonk_ecumenical_altar_inner_sanctum, minivault_5
D:2:      layout_loops_corners, uniq_terence

Notes
Turn   | Place    | Note
-------+----------+-------------------------------------------
     0 | D:1      | spaghetti the Djinni Warper began the quest for the Orb.
     0 | D:1      | Reached XP level 1. HP: 18/18 MP: 0/0
     0 | D:1      | magus.rc [v1.9.6]
   233 | D:1      | Reached XP level 2. HP: 21/23 MP: 0/0
   309 | D:1      | Reached skill level 3 in Spellcasting
   529 | D:1      | Found a faded altar of an unknown god.
   555 | D:1      | HP: 3/23 [frozen (6)]
   986 | D:1      | Reached XP level 3. HP: 28/28 MP: 0/0
   986 | D:1      | Learned a level 1 spell: Sandblast
  2230 | D:2      | Noticed Terence
  2242 | D:2      | HP: 5/28 [Terence/+0 mace (3)]
  2252 | D:2      | HP: 4/28 [Terence/+0 mace (1)]
  2254 | D:2      | Slain by Terence

Vanquished Creatures
  2 dart slugs
  5 ball pythons
  6 endoplasms
  2 giant cockroaches (D:1)
  2 goblins (D:1)
  5 hobgoblins
  3 jackals (D:1)
  6 kobolds
  2 quokkas
  A frilled lizard (D:1)
34 creatures vanquished.

Table legend:
 A = Non-vault XP
 B = Vault XP
 C = Vault XP percentage of total XP
 D = Non-vault monster count
 E = Vault monster count
 F = Vault count percentage of total count
                 A         B        C        D         E       F
            +---------+---------+-------+---------+---------+-------
      Total |      66 |       0 |   0.0 |      34 |       0 |   0.0
            +---------+---------+-------+---------+---------+-------
        D:1 |      47 |       0 |   0.0 |      24 |       0 |   0.0
        D:2 |      19 |       0 |   0.0 |      10 |       0 |   0.0
            +---------+---------+-------+---------+---------+-------

Illustrated notes

Table legend:
 A = Kills in this place as a percentage of kills in entire the game.
 B = Kills by you in this place as a percentage of kills by you in the entire game.
 C = Kills by friends in this place as a percentage of kills by friends in the entire game.
 D = Other kills in this place as a percentage of other kills in the entire game.
 E = Experience gained in this place as a percentage of experience gained in the entire game.
 F = Experience gained in this place divided by the number of levels of this place that you have seen.
                   A       B       C       D       E      F
               +-------+-------+-------+-------+-------+----------------------
         Total | 100.0 | 100.0 |   N/A |   N/A | 100.0 |  33.0
       Dungeon | 100.0 | 100.0 |   N/A |   N/A | 100.0 |  33.0
               +-------+-------+-------+-------+-------+----------------------

Table legend: (Time is in decaauts)
 A = Elapsed time spent in this place.
 B = Non-inter-level travel time spent in this place.
 C = Inter-level travel time spent in this place.
 D = Time resting spent in this place.
 E = Time spent auto-exploring this place.
 F = Levels seen in this place.
 G = Mean time per level.
                   A        B        C        D        E       F      G
               +--------+--------+--------+--------+--------+-----+--------+
         Total |   2282 |   2250 |     32 |    811 |   1142 |   2 | 1141.0 |
       Dungeon |   2282 |   2250 |     32 |    811 |   1142 |   2 | 1141.0 |
               +--------+--------+--------+--------+--------+-----+--------+

Top non-repeatable levels by time:
     D:1: 1429 daAuts
     D:2: 853 daAuts
